woodfighter, lawful female giant Samurai ----- ----- ...| |... t ---------..-- --- ------ --..--------- |.......|...-- --...... .....a-- --a..|.......| |.......|....---........ ......Q@---aa.)|.......| |..._...`[%.)%-`%........ ........A@@.aAa))..._...| |.......|....---.%....... ..a..%@a&---....|.......| |.......|...-- --.%..[..- -..a.a.a-- --...|.......| ---------..-- ----`---- ----)---- --..--------- ...| |...------- -------a@.| |.... ----- |....%....| |..a.....a| ------ -------...-- --...------- |....-- --....| ---...----+----...--- |.......(.......| ----------------- woodfighter the Samurai Experience level: 27 Strength: 18/09 Dexterity: 19 Constitution: 20 Intelligence: 14 Wisdom: 15 Charisma: 15 Health: 0(178) Energy: 85(85) Def: 43 Gold: 0 Moves: 51038 Dungeon seed [set]: Game ID: woodfighter_1680619050 Your Inventory: Amulets k - a blessed greased rustproof amulet of flying w - the cursed Amulet of Yendor named real Weapons a - the blessed +7 Tsurugi of Muramasa (weapon in hand) S - 39 blessed +7 shuriken (in quiver) Armor l - an uncursed thoroughly burnt +6 elven cloak (being worn) n - a blessed +4 dented pot (being worn) r - a blessed very burnt +3 pair of speed boots (being worn) O - a blessed +5 shield of reflection (being worn) X - a cursed -1 pair of gauntlets of fumbling Spellbooks t - the cursed Book of the Dead Potions c - a blessed diluted potion of full healing Rings o - a blessed +3 ring of protection (on left hand) V - a blessed greased rustproof ring of free action (on right hand) Wands d - an uncursed wand of digging (0:1) f - an uncursed wand of teleportation (0:7) g - a blessed wand of fire (0:3) h - a blessed wand of death (0:0) E - a blessed wand of death (0:1) Tools b - a blessed stethoscope m - a blessed magic lamp (lit) q - an uncursed -1 unicorn horn s - a blessed greased fireproof bag of holding v - an uncursed greased fireproof magic marker (0:28) y - a blessed brass key H - the blessed greased Orb of Detection (0:3) L - a blessed +0 unicorn horn M - a blessed pair of lenses (being worn) Q - the uncursed Bell of Opening (0:2) R - a blessed -1 unicorn horn W - a blessed towel Y - a blessed bronze key Z - the blessed Candelabrum of Invocation (7 candles attached) (0:396) Gems D - a blessed luckstone Boulders/Statues G - a blessed boulder J - an uncursed boulder N - a blessed boulder U - a blessed boulder Contents of the bag of holding: a [blessed] greased [rustproof] amulet of life saving the blessed rustproof +0 Snickersnee 100 blessed +7 shuriken an uncursed +0 mummy wrapping 5 blessed C-rations 14 blessed K-rations an uncursed lump of royal jelly an uncursed sprig of wolfsbane 8 blessed scrolls of blank paper 20 uncursed scrolls of blank paper 3 cursed scrolls of blank paper a blessed scroll of gold detection 5 blessed scrolls of identify 2 blessed scrolls of remove curse 2 cursed scrolls of teleportation 4 blessed scrolls of wishing 2 blessed diluted potions of full healing 3 uncursed potions of confusion 2 blessed potions of full healing an uncursed potion of full healing 7 potions of holy water 3 potions of unholy water a blessed ring of conflict an uncursed ring of free action an uncursed ring of levitation an uncursed +1 ring of protection an uncursed ring of regeneration a blessed ring of teleport control a blessed wand of death (0:3) a blessed wand of digging (0:8) an uncursed wand of digging (0:6) an uncursed wand of digging (0:5) an uncursed wand of polymorph (0:2) a blessed wand of teleportation (0:7) an uncursed wand of teleportation (0:7) an uncursed wand of teleportation (0:3) a blessed can of grease (0:16) a blessed magic harp (0:8) a blessed magic lamp a blessed magic lamp an uncursed magic lamp an uncursed magic marker (0:5) a blessed greased fireproof magic marker (0:0) a blessed +0 unicorn horn a blessed -4 unicorn horn 20 uncursed emeralds Spells and supernatural/magical abilities: Name Level Category Fail Memory a - wizard lock 2* matter 100% 0% W - pray for help -- divine ? -- Your skills at the end: Miscellaneous Skills martial arts [Basic] shield [Skilled] wands [Skilled] stealth [Basic] Weapon Skills short sword [Basic] two-handed sword [Master] katana [Basic] bow [Basic] sling [Basic] shuriken [Expert] Spellcasting Skills Final Attributes: You were piously aligned. You were fire resistant. You were cold resistant. You were sleep resistant. You were disintegration-resistant. You were shock resistant. You were poison resistant. You were magic-protected. You were sick from illness. You were telepathic. You had automatic searching. You were clairvoyant. You had infravision. You were invisible. You were stealthy. You were protected. You were very fast. You had reflection. You had free action. You were extremely lucky. You had extra luck. Good luck did not time out for you. You are dead (4th time!). Vanquished creatures: Baalzebub Orcus Yeenoghu Juiblex The Wizard of Yendor (7 times) Famine (twice) a high priest 17 krakens Vlad the Impaler Medusa 5 elder green dragons 4 iron golems a gray dragon 5 red dragons a white dragon an orange dragon 3 black dragons 9 blue dragons 7 green dragons a storm giant 4 deep ettins 4 glass golems 10 balrogs 3 purple worms 14 minotaurs 7 jabberwocks Ashikaga Takauji 8 titanotheres 7 Angels 8 young red dragons 2 young white dragons 8 young black dragons 5 young blue dragons a young green dragon a young yellow dragon 12 stone golems 3 master mind flayers 11 Olog-hai 8 Nazgul 18 pit fiends 8 sandestins 2 hell hounds 7 trappers a baby silver dragon 2 baby blue dragons 57 baby green dragons 5 dire bears 24 vampire lords 6 shades 8 skeletons 10 aligned priests 3 captains 3 liches 5 clay golems 8 nurses 20 ice devils 5 nalfeshnees 5 lurkers above a frost giant a golden naga 9 black puddings 34 vampires 55 ghosts 3 ettins a lieutenant a knight 11 samurai 2 wizards a queen bee 5 winged gargoyles 3 mind flayers 16 giant mimics a fire giant 6 ogre kings 4 Elvenkings 8 ice trolls 14 rock trolls 2 grizzly bears 11 umber hulks 4 flesh golems 16 doppelgangers 30 hezrous 55 bone devils 8 salamanders 19 large mimics a wumpus 7 fire vortices 15 long worms 2 couatls 40 stalkers 7 air elementals 6 fire elementals 5 earth elementals 5 water elementals 3 hill giants 4 giant mummies 25 elf-lords 5 xorns 27 giant zombies 14 sergeants a barbed devil 47 vrocks 18 wargs a winter wolf 4 hell hound pups 5 quantum mechanics 25 small mimics 3 glass piercers 9 warhorses 5 steam vortices 13 xans a baby gryphon 4 sharks 14 electric eels 6 ettin mummies 9 ogre lords 25 trolls 12 brown bears a sasquatch a wood golem 5 werebears 7 mariliths a pyrolisk 4 large dogs 5 stinking spheres 2 freezing spheres 12 flaming spheres 6 shocking spheres 6 large cats 7 tigers 13 gargoyles a dwarf king 2 tengu 14 gelatinous cubes 19 ochre jellies a crocodile 9 chameleons 13 leocrottas 5 energy vortices 6 mountain centaurs 2 giants 2 elf mummies 4 human mummies 5 red nagas 3 green slimes 8 Grey-elves 5 pythons 5 cobras 10 black bears 69 wraiths 21 ettin zombies 7 leather golems 18 soldiers a horned devil 18 succubi 15 incubi 7 giant beetles 9 cockatrices 71 wolves 8 winter wolf cubs 10 black lights 5 lynxes 4 panthers 32 gremlins 8 leprechauns 10 quivering blobs 4 spotted jellies 12 lizards 4 mountain nymphs 11 orc-captains 6 giant spiders 11 scorpions 8 iron piercers 4 horses 2 ice vortices 8 vampire bats 12 forest centaurs 7 gnome kings 8 piranhas 14 giant eels 4 orc mummies 3 dwarf mummies 2 ogres 8 brown puddings 14 Green-elves 8 rust monsters 14 owlbears 4 yetis 11 werewolves 22 ninja a roshi a chickatrice 5 dogs a dingo 3 housecats a jaguar 7 blue jellies 3 water nymphs 5 gray unicorns a black unicorn 8 dust vortices 10 ravens 8 plains centaurs 6 gnome mummies 19 Woodland-elves 22 pit vipers 19 apes 24 human zombies 16 soldier ants 3 fire ants 17 yellow lights 21 bugbears 3 imps 2 baby crocodiles 4 wood nymphs 25 Mordor orcs 34 Uruk-hai 15 orc shamans 4 rock moles 7 rock piercers 8 ponies 5 fog clouds 4 shriekers 6 violet fungi 24 gnome lords 11 gnomish wizards 10 jellyfish 2 kobold mummies 2 red naga hatchlings 2 golden naga hatchlings a guardian naga hatchling 7 gray oozes 5 barrow wights 23 elf zombies 28 ghouls a straw golem 5 paper golems 19 giant ants a puppy 11 floating eyes 3 kittens 18 dwarves 3 homunculi 4 kobold lords a kobold shaman 4 iguanas 28 hill orcs 9 rothes 4 rabid rats a centipede 3 jitterbugs 5 giant bats 4 monkeys 31 orc zombies 26 dwarf zombies 2 wererats 9 werejackals 38 killer bees 2 coyotes 2 gas spores 5 hobbits 6 acid blobs 3 large kobolds 10 geckos 25 hobgoblins 13 giant rats 2 cave spiders 5 brown molds 10 yellow molds 5 green molds a red mold 45 gnomes a garter snake 17 manes 20 gnome zombies 7 jackals a fox 6 kobolds 12 newts 13 goblins 7 sewer rats 14 grid bugs 2 bats 9 lichens 21 kobold zombies 4 humans 2702 creatures vanquished. Genocided or extinct species: chickatrices cockatrices pyrolisks hobbits dwarves bugbears dwarf lords dwarf kings quantum mechanics mind flayers master mind flayers island nymphs jellyfish piranhas sharks giant eels electric eels krakens liches demiliches master liches arch-liches golden nagas disenchanters Nazgul (extinct) 24 species genocided. 1 species extinct. Voluntary challenges: You were not displaced. You donated to temples 5 times (receiving 6 points of protection), starting on turn 7855. You received temple protection 5 times, starting on turn 7855. You used a wielded weapon 5413 times, starting on turn 26. You did not use plumbed fixtures. You read items or engraved 71 times, starting on turn 3606. You genocided 24 types of monsters, starting on turn 16262. You never polymorphed an object. You changed form 2 times, starting on turn 37272. You completed Sokoban on turn 6363, according to the rules. You used 7 wishes, starting on turn 12248. You wished for your your first artifact on turn 12248. You carried an artifact on turn 4428. You split 3 puddings, starting on turn 15440. You never wrote Elbereth's name. You violated bushido, losing 2 points of alignment, starting on turn 28968. You enabled loading special bones files. Dungeon overview: The Dungeons of Doom: levels 1 to 29 Level 1 some sinks stairs to The Elemental Planes Level 2 a potion shop Level 3 (shop) a general store stairs to The Gnomish Mines Level 4 some fountains Level 5 (water) a jewelry store, an altar to Susanowo, some fountains Level 6 (water) an altar to Raijin, a throne Level 7 (unicorn) many fountains Level 8 a scroll shop, some fountains stairs to Sokoban Level 9 a fountain Level 10 (water) an altar to Raijin Level 11 a fountain Level 12 a vault, a fountain Level 13 (water) Level 14 (water) portal to The Quest Level 15 (rogue) Level 16 a throne Level 17 a fountain Level 18 Level 19 a vault, a general store, a fountain Level 20 a vault Level 21 a fountain Level 22 a vault, a throne Level 23 a temple to Raijin, a fountain, a bench Level 24 (medusa) Level 25 (water) Level 26 Level 27 Level 28 (water) Level 29 a magic chest, many sinks, many benchs Gehennom: levels 30 to 55 Level 30 a temple to Moloch, a magic chest stairs to The Dungeons of Doom Level 31 Level 32 Level 33 Level 34 Level 35 a magic chest Level 36 Level 37 a fountain Level 38 Level 39 Level 40 (orcus) some shops, an altar to Moloch, a magic chest Level 41 stairs to Vlad's Tower Level 42 (yeenoghu) a magic chest Level 43 Level 44 Level 45 Level 46 Level 47 (wizard) an altar to Moloch, a magic chest Level 48 Level 49 portal to Gehennom Level 50 (water) Level 51 Level 52 Level 53 portal to Gehennom Level 54 Level 55 The Gnomish Mines: levels 4 to 11 Level 4 stairs to The Dungeons of Doom Level 5 Level 6 (pickaxe) some shops, a temple to Amaterasu Omikami, a magic chest, some fountains Level 7 Level 8 Level 9 (white u) Level 10 Level 11 (white u) many altars to Moloch, a magic chest, some fountains The Quest: levels 1 to 6 Level 1 (bell) a magic chest portal to The Dungeons of Doom Level 2 Level 3 Level 4 Level 5 Level 6 Sokoban: levels 4 to 7 Level 4 a magic chest Level 5 Level 6 Level 7 an altar to Amaterasu Omikami, a magic chest stairs to The Dungeons of Doom Vlad's Tower: levels 38 to 40 Level 38 Level 39 an altar to Moloch Level 40 stairs to Gehennom The Elemental Planes: Astral Plane <- You were here some high altars Plane 4 portal to The Elemental Planes Plane 3 portal to The Elemental Planes Plane 2 portal to The Elemental Planes Plane 1 portal to The Elemental Planes History has recorded: On T:1 you entered the Dungeons of Doom to retrieve the Amulet of Yendor! On T:84 you reached level 2 of The Dungeons of Doom. On T:353 you reached level 3 of The Dungeons of Doom. On T:390 you advanced to experience level 2. On T:867 you advanced to experience level 3. On T:893 you reached level 4 of The Dungeons of Doom. On T:958 you reached level 1 of The Gnomish Mines. On T:1157 you advanced to experience level 4. On T:1396 you reached level 5 of The Dungeons of Doom. On T:1575 you advanced to experience level 5. On T:1741 you reached level 6 of The Dungeons of Doom. On T:2251 you advanced to experience level 6. On T:2557 you advanced to experience level 7. On T:2629 you reached level 7 of The Dungeons of Doom. On T:3262 you reached level 8 of The Dungeons of Doom. On T:3407 you reached level 4 of Sokoban. On T:3587 you reached level 9 of The Dungeons of Doom. On T:4067 you opened a magic chest. On T:4425 you received Snickersnee from Amaterasu Omikami. On T:4498 you reached level 3 of Sokoban. On T:4966 you advanced to experience level 8. On T:4984 you reached level 2 of Sokoban. On T:5801 you reached level 1 of Sokoban. On T:6363 you advanced to experience level 9. On T:6363 you entered the Sokoban zoo. On T:7140 you reached level 2 of The Gnomish Mines. On T:7179 you prayed to Amaterasu Omikami. On T:7316 you reached level 4 of The Gnomish Mines. On T:7384 you reached level 3 of The Gnomish Mines. On T:7835 you entered the Minetown temple On T:8537 you reached level 5 of The Gnomish Mines. On T:9038 you reached level 6 of The Gnomish Mines. On T:9420 you reached level 7 of The Gnomish Mines. On T:9673 you reached level 8 of The Gnomish Mines. On T:9673 you reached the bottom of the Mines. On T:10410 you advanced to experience level 10. On T:12216 you prayed to Amaterasu Omikami. On T:12248 you wished for "+3 blessed fixed greased the Orb of Detection". On T:13409 you reached level 10 of The Dungeons of Doom. On T:13564 you became devout. On T:13792 you reached level 11 of The Dungeons of Doom. On T:14202 you reached level 12 of The Dungeons of Doom. On T:14583 you reached level 13 of The Dungeons of Doom. On T:15248 you reached level 14 of The Dungeons of Doom. On T:15410 you reached level 15 of The Dungeons of Doom. On T:15410 you entered the Rogue tribute level. On T:15488 you advanced to experience level 11. On T:15660 you reached level 16 of The Dungeons of Doom. On T:16072 you reached level 17 of The Dungeons of Doom. On T:16479 you reached level 18 of The Dungeons of Doom. On T:16512 you advanced to experience level 12. On T:17118 you reached level 19 of The Dungeons of Doom. On T:17282 you reached level 20 of The Dungeons of Doom. On T:17456 you prayed to Amaterasu Omikami. On T:17793 you wished for "+3 blessed greased fixed ring of free action". On T:17945 you advanced to experience level 13. On T:17987 you reached level 21 of The Dungeons of Doom. On T:18296 you advanced to experience level 14. On T:19350 you reached level 1 of The Quest. On T:19773 you embarked upon an epic quest. On T:19842 you reached level 2 of The Quest. On T:20234 you reached level 3 of The Quest. On T:20824 you reached level 4 of The Quest. On T:21239 you reached level 5 of The Quest. On T:21467 you reached level 6 of The Quest. On T:24031 you killed Ashikaga Takauji on level 6 of The Quest. On T:24031 you became pious. On T:24239 you completed the quest! On T:24528 you wished for "blessed fixed greased bag of holding". On T:24553 you wished for "blessed fixed greased amulet of flying". On T:25873 you advanced to experience level 15. On T:25966 you reached level 22 of The Dungeons of Doom. On T:27591 you wished for "blessed fixed greased magic marker". On T:27950 you reached level 23 of The Dungeons of Doom. On T:29057 you reached level 24 of The Dungeons of Doom. On T:29925 you advanced to experience level 16. On T:30371 you reached level 25 of The Dungeons of Doom. On T:31769 you killed Medusa on level 25 of The Dungeons of Doom. On T:31963 you reached level 26 of The Dungeons of Doom. On T:32398 you reached level 27 of The Dungeons of Doom. On T:32614 you reached level 28 of The Dungeons of Doom. On T:33214 you reached The Castle. On T:33580 you advanced to experience level 17. On T:34316 you reached The Valley of the Dead. On T:34638 you advanced to experience level 18. On T:34990 you killed Juiblex in The Valley of the Dead. On T:37426 you advanced to experience level 19. On T:37504 you advanced to experience level 20. On T:37529 you advanced to experience level 21. On T:37981 you reached level 2 of Gehennom. On T:38427 you reached level 4 of Gehennom. On T:39022 you reached level 5 of Gehennom. On T:39319 you reached level 6 of Gehennom. On T:39427 you advanced to experience level 22. On T:39774 you killed Baalzebub on level 5 of Gehennom. On T:40184 you reached level 7 of Gehennom. On T:40364 you advanced to experience level 23. On T:40554 you reached level 8 of Gehennom. On T:40908 you reached level 9 of Gehennom. On T:41121 you reached level 10 of Gehennom. On T:41378 you reached level 11 of Gehennom. On T:42349 you killed Orcus on level 11 of Gehennom. On T:42413 you reached level 12 of Gehennom. On T:42586 you reached level 13 of Gehennom. On T:42602 you reached level 3 of Vlad's Tower. On T:42697 you reached level 2 of Vlad's Tower. On T:42799 you reached level 1 of Vlad's Tower. On T:42897 you killed Vlad the Impaler on level 1 of Vlad's Tower. On T:43495 you killed Yeenoghu on level 13 of Gehennom. On T:43692 you reached level 14 of Gehennom. On T:43911 you reached level 15 of Gehennom. On T:44168 you reached level 16 of Gehennom. On T:44856 you reached level 17 of Gehennom. On T:44949 you advanced to experience level 24. On T:45138 you reached level 18 of Gehennom. On T:45294 you reached level 19 of Gehennom. On T:45566 you reached level 20 of Gehennom. On T:45817 you reached level 21 of Gehennom. On T:46178 you reached level 22 of Gehennom. On T:46408 you reached level 23 of Gehennom. On T:46515 you advanced to experience level 25. On T:46518 you reached level 24 of Gehennom. On T:46854 you reached level 25 of Gehennom. On T:47956 you advanced to experience level 26. On T:48294 you were saved from death by your amulet of life saving! On T:49069 you wished for "blessed fixed greased magic marker". On T:49320 you killed Wizard of Yendor on level 18 of Gehennom. On T:49342 you performed the invocation. On T:49342 you reached level 26 of Gehennom. On T:49535 you killed high priestess of Moloch on level 26 of Gehennom. On T:49539 you gained the Amulet of Yendor! On T:49718 you killed Wizard of Yendor on level 19 of Gehennom. On T:50102 you killed Wizard of Yendor on level 4 of Gehennom. On T:50166 you killed Wizard of Yendor on level 27 of The Dungeons of Doom. On T:50355 you killed Wizard of Yendor on level 16 of The Dungeons of Doom. On T:50356 you advanced to experience level 27. On T:50648 you reached the Plane of Fire. On T:50648 you killed Wizard of Yendor on the Plane of Fire. On T:50679 you reached the Plane of Air. On T:50750 you reached the Plane of Water. On T:50790 you reached level 2 of The Elemental Planes. On T:50806 you lost the Amulet of Yendor. On T:50809 you killed Wizard of Yendor on level 2 of The Elemental Planes. On T:50810 you gained the Amulet of Yendor! On T:50850 you reached the Astral Plane. On T:50909 you killed Famine on the Astral Plane. On T:50912 you were saved from death by your amulet of life saving! On T:50914 you killed Famine on the Astral Plane. On T:50938 you wished for "blessed fixed greased amulet of life saving". On T:51036 you were saved from death by your amulet of life saving! Score breakdown: Gold: 0 ( 0 points) Experience: 27 levels ( 2000 points) Exploration: 55 levels ( 2000 points) Discoveries: 144 items ( 2000 points) Variety of kills: 286 monsters ( 2000 points) Major goal: found the Amulet ( 4500 points) Survival: died (score multiplied by 3) Total score: 37500 Latest messages: The Angel of Moloch just misses! The Angel of Moloch misses. The Angel of Moloch casts a spell at you! A shower of missiles bounces off the samurai! The priestess of Moloch swings her mace at you. The priestess of Moloch misses. (2x) The priestess of Moloch casts a spell at you! You feel momentarily dizzy. Pestilence reaches out, and you feel fever and chills. You feel much worse. Pestilence touches you! The unicorn horn emits a dim glow for a moment, then fades. This makes you feel better! The Angel of Moloch swings her long sword at you. The Angel of Moloch misses. The Angel of Moloch swings her long sword at you. The Angel of Moloch misses. (2x) The Angel of Moloch casts a spell at you! A shower of missiles bounces off the samurai! The priestess of Moloch swings her mace at you. The priestess of Moloch misses. (2x) The priestess of Moloch points at you, then curses. Pestilence reaches out, and you feel fever and chills. You feel much worse. Pestilence touches you! You die... Final status: Sayonara woodfighter the Samurai, killed by Pestilence (with the Amulet)... You died in The Astral Plane with 37500 points, and 0 pieces of gold, after 51038 moves. You were level 27 with a maximum of 178 hit points when you died.